 Dungeon Crawl Stone Soup version 0.24.0-123-gd5b16e6ec5 (webtiles) character file.

Game seed: 17130450521028604065, levelgen mode: deterministic

162 FishyPogo the Skirmisher (level 5, -1/70 HPs)
             Began as a Draconian Chaos Knight on Feb 9, 2020.
             Was a Plaything of Xom.
             Slain by a steam dragon (5 damage)
             ... on level 4 of the Dungeon.
             The game lasted 00:09:47 (2705 turns).

FishyPogo the Skirmisher (Draconian Chaos Knight)   Turns: 2705, Time: 00:09:52

Health: -1/70      AC: 22    Str: 16    XL:     5   Next: 19%
Magic:  6/6        EV:  2    Int: 12    God:    Xom [.....*]
Gold:   184        SH:  5    Dex: 15    Spells: 5/5 levels left

rFire    . . .     SeeInvis .   b - +2 short sword (vamp)
rCold    . . .     Gourm    .   p - +1 buckler
rNeg     + + +     Faith    .   (armour unavailable)
rPois    +         Spirit   .   (helmet currently unavailable)
rElec    .         Reflect  .   (cloak currently unavailable)
rCorr    .         Harm     .   (gloves currently unavailable)
MR       .....     NoTele   +   (boots currently unavailable)
Stlth    ++........             u - amulet of the acrobat
HPRegen  0.21/turn              (no ring)
MPRegen  0.10/turn              (no ring)

@: agile, tree-form
A: unfitting armour, wild magic 1, AC +5
a: Renounce Religion


You were on level 4 of the Dungeon.
You worshipped Xom.
You were Xom's teddy bear.
You were not hungry.
You were a tree.
You visited 1 branch of the dungeon, and saw 4 of its levels.

You collected 184 gold pieces.

Inventory:

Hand Weapons
 a - a +2 mace of holy wrath
 b - a +2 vampiric short sword (weapon)
Missiles
 d - 61 stones
 i - 11 poisoned darts (quivered)
 n - 41 sling bullets
Armour
 g - a +1 pair of gloves (melded)
 p - a +1 buckler (worn)
Jewellery
 u - an amulet of the acrobat (around neck)
 w - an uncursed ring of protection from magic {unknown}
Wands
 l - a wand of paralysis (5)
Scrolls
 e - a scroll of blinking
 f - 2 scrolls of identify
 h - 2 scrolls of enchant armour
 m - 2 scrolls of amnesia
 t - 3 scrolls of remove curse {unknown}
 x - 2 scrolls of fear {unknown}
Potions
 c - a potion of resistance {unknown}
 j - 2 potions of lignification
 k - a potion of curing {unknown}
 o - a potion of agility
 r - a potion of degeneration {unknown}
 s - a potion of heal wounds {unknown}
 z - a potion of cancellation {unknown}
Comestibles
 q - 6 rations
 v - 9 chunks of flesh


   Skills:
 * Level 4.5 Fighting
 + Level 1.2(2.3) Short Blades
   Level 3.1(3.2) Long Blades
 - Level 1.0 Maces & Flails
 + Level 2.8 Dodging
 * Level 2.2 Shields
 + Level 0.8 Spellcasting


You had 5 spell levels left.
You didn't know any spells.
Your spell library was empty.

Dungeon Overview and Level Annotations

Branches:
Dungeon (4/15)             Temple (0/1) D:4

Altars:
Xom


Innate Abilities, Weirdness & Mutations

((Your plain brown scales are hard. (AC +5)))
You cannot fit into any form of body armour.
((You are cold-blooded and may be slowed by cold attacks.))
((You have large cloven feet.))
((Your tail ends in a poisonous barb.))
Your spells are a little harder to cast, but a little more powerful.


Message History

The ball of steam hits you!!
You emit a cloud of colourful smoke!
You barely miss the steam dragon. Your kick misses the steam dragon.
The steam dragon is moderately wounded.
The jackal is engulfed in a cloud of scalding steam.
The jackal dies!
The steam dragon breathes steam at you. The ball of steam hits you!
* * * LOW HITPOINT WARNING * * *
It was a potion of agility.
You feel agile all of a sudden.
The steam dragon looks more healthy.
The steam dragon closely misses you. The steam dragon barely misses you.
It was a potion of lignification.
You turn into a tree.
Your +1 pair of gloves melds into your body.
Your roots penetrate the ground.
The centaur skeleton hits you but does no damage.
The steam dragon bites you.
You die...
Xom snickers!

###### ##### .....#
#..<# .....# ###.###
.....# #...# .....#
#D### .....# ####### #.#
.....#####.....#####.###
.^...').......§D♣Z§§.[>#
.....####)....§###☼.._.#
###### #....§(###..(..##
.....
#......##.......####
#####
#......##.......'..# ##
#......##......†##.# ...
#......##.......# .# ...
#.....((§.....§.# .# ...
#.#####'#.....§.# .#


You could see a steam dragon and a centaur skeleton.

Vanquished Creatures
  An orc wizard (D:4)
  An iguana (D:4)
  5 adders
  An ooze (D:2)
  A worm (D:4)
  2 leopard geckos
  6 orcs
  2 ball pythons (D:3)
  11 bats
  5 giant cockroaches
  5 goblins
  4 hobgoblins
  A quokka (D:4)
  A frilled lizard (D:1)
  5 kobolds
  11 rats
62 creatures vanquished.

Vanquished Creatures (collateral kills)
  A rat (D:1)
1 creature vanquished.

Vanquished Creatures (others)
  A jackal (D:4)
  A quokka (D:4)
2 creatures vanquished.

Grand Total: 65 creatures vanquished

Notes
Turn   | Place    | Note
-------+----------+-------------------------------------------
     0 | D:1      | FishyPogo the Draconian Chaos Knight began the quest for
                  | the Orb.
     0 | D:1      | Reached XP level 1. HP: 19/19 MP: 1/1
    42 | D:1      | XOM: harmless Conj miscast
   112 | D:1      | XOM: divination: detect creatures
   125 | D:1      | XOM: cast spell 'Summon Small Mammal'
   254 | D:1      | Reached XP level 2. HP: 26/26 MP: 2/2
   835 | D:2      | XOM: noise
   843 | D:2      | Reached XP level 3. HP: 13/33 MP: 3/3
  1047 | D:2      | Reached skill level 1 in Maces & Flails
  1047 | D:2      | Reached skill level 1 in Shields
  1058 | D:2      | Reached skill level 4 in Fighting
  1323 | D:2      | XOM: give mutations
  1323 | D:2      | Gained mutation: Your tail ends in a poisonous barb. [Xom's
                  | grace]
  1323 | D:2      | Gained mutation: You have large cloven feet. [Xom's grace]
  1323 | D:2      | Gained mutation: Your spells are a little harder to cast,
                  | but a little more powerful. [Xom's grace]
  1507 | D:2      | XOM is BORED!
  1677 | D:3      | XOM: mild Tmut miscast
  1707 | D:3      | Reached XP level 4. HP: 40/40 MP: 4/4
  2053 | D:3      | XOM: divination: detect creatures
  2516 | D:4      | Noticed a steam dragon
  2516 | D:4      | a scorpion changed into a steam dragon
  2516 | D:4      | XOM: polymorph scorpion -> steam dragon
  2518 | D:4      | XOM: fake destruction
  2519 | D:4      | XOM: fake destruction
  2568 | D:4      | Found a staircase to the Ecumenical Temple.
  2625 | D:4      | Reached skill level 1 in Short Blades
  2637 | D:4      | Paralysed by an orc for 2 turns
  2667 | D:4      | Reached XP level 5. HP: 45/47 MP: 4/6
  2700 | D:4      | XOM: scenery: create altars
  2701 | D:4      | XOM: smoke on damage
  2703 | D:4      | HP: 2/47 [steam dragon/ball of steam (17)]
  2705 | D:4      | Slain by a steam dragon

Levels and vault maps discovered:
D:1:      dpeg_arrival_lava_temple_mockup, layout_basic
D:2:      layout_basic, kennysheep_generic_room_9
D:3:      layout_basic
D:4:      layout_basic, temple_fountains, serial_shops, nicolae_shop_trees,
          first_ration, tgw_kikubaaqudgha, uniq_edmund, uniq_duvessa,
          uniq_eustachio

Skill      XL: |  1  2  3  4 |
---------------+-------------+-----
Maces & Flails | 1 |  1.0
Shields        | 1 2 |  2.2
Fighting       | 4 |  4.5
Short Blades   | 1 |  1.2
Long Blades    | |  3.1
Dodging        | |  2.8
Spellcasting   | |  0.8

Action                   |  1- 3 |  4- 6 || total
-------------------------+-------+-------++-------
Melee: Falchion          |    21 |       ||    21
       Tailslap          |     6 |     8 ||    14
       Mace              |    21 |       ||    21
       Short sword       |    38 |    97 ||   135
       Kick              |       |    19 ||    19
Throw: Stone             |    14 |    10 ||    24
       Dart              |       |     5 ||     5
  Use: Scroll            |     3 |     2 ||     5
       Potion            |       |     2 ||     2
  Eat: Chunk             |     2 |     4 ||     6
Armor: Skin              |    29 |    19 ||    48
Dodge: Dodged            |    54 |    70 ||   124
Block: Buckler           |    12 |    16 ||    28
       Rpst.: Falchion   |     8 |       ||     8
